 Dungeon Crawl Stone Soup version 0.18-a0-1618-gf90497c (webtiles) character file.

231 Sixotanaka the Spear-Bearer (level 6, -7/44 HPs)
             Began as a Merfolk Gladiator on Mar 23, 2016.
             Mangled by Sigmund
             ... wielding a +4 scythe of venom
              (12 damage)
             ... on level 4 of the Dungeon.
             The game lasted 00:07:21 (4474 turns).

Sixotanaka the Spear-Bearer (Merfolk Gladiator)     Turns: 4474, Time: 00:07:22

Health: -7/44      AC:  9    Str: 16    XL:     6   Next: 3%
Magic:  6/6        EV: 15    Int:  7    God:
Gold:   115        SH:  0    Dex: 16    Spells: 0 memorised, 5 levels left

rFire  . . .     SeeInvis .     a - +1 halberd (chop)
rCold  . . .     Gourm    .     n - +0 ring mail {MR+}
rNeg   . . .     Faith    .     (shield currently unavailable)
rPois  .         Spirit   .     c - +0 helmet
rElec  .         Dismiss  .     (no cloak)
rCorr  .         Reflect  .     h - +0 pair of gloves
SustAt .         Harm     .     (no boots)
MR     +....                    (no amulet)
Stlth  +.........               (no ring)
                                (no ring)

@: lethally poisoned (-7 -> -54), somewhat resistant to hostile enchantments,
very unstealthy
A: change form in water, swift swim, repulsion field 1, thin metallic scales 1,
MP-powered wands
a: no special abilities


You were on level 4 of the Dungeon.
You were not hungry.

You visited 1 branch of the dungeon, and saw 4 of its levels.

You collected 115 gold pieces.


Innate Abilities, Weirdness & Mutations

You revert to your normal form in water.
You are very nimble and swift while swimming.
You are surrounded by a mild repulsion field (EV +2).
You are partially covered in thin metallic scales (AC +2).
You expend magic power (3 MP) to strengthen your wands.


   Skills:
 - Level 2.1 Fighting
 + Level 9.4 Polearms
 - Level 2.0 Throwing
 - Level 4.0 Dodging


You had 5 spell levels left.
You didn't know any spells.

Dungeon Overview and Level Annotations

Branches:
Dungeon (4/15)
 Temple: D:4-7

Altars:
Ashenzari
Qazlal
Sif Muna
Yredelemnul

Annotations:
D:3 Xenophilius's ghost, amateur GrFi
D:4 Sigmund

Inventory:

Hand Weapons
 a - a +1 halberd of chopping (weapon)
   (You took it off a gnoll on level 2 of the Dungeon)
 g - a +0 blowgun
Missiles
 d - 3 throwing nets (quivered)
 y - 6 curare-tipped needles
 B - 10 poisoned needles
Armour
 c - a +0 helmet (worn)
 h - a +0 pair of gloves (worn)
 n - a +0 ring mail of magic resistance (worn)
   (You found it on level 1 of the Dungeon)
Jewellery
 q - a cursed ring of loudness {unknown}
 s - an uncursed ring of poison resistance {unknown}
Scrolls
 e - a scroll of recharging {unknown}
 j - 5 scrolls of remove curse {unknown}
 k - 2 scrolls of teleportation {unknown}
 l - 3 scrolls of identify {unknown}
 o - a scroll of immolation {unknown}
 x - 2 scrolls of enchant armour {unknown}
 D - a scroll of noise {unknown}
Potions
 b - a potion of brilliance
 m - a potion of heal wounds {@q2}
 r - a potion of invisibility
 t - a potion of degeneration {unknown}
 u - a potion of curing {unknown}
 v - a potion of cure mutation
Books
 A - a Young Poisoner's Handbook
Comestibles
 f - 3 bread rations
 i - 8 fruits
 z - 2 meat rations
 C - a chunk of flesh

####### #.#
########.....# #.#
#........###.# #.#
#.######.# #.# #.#
####.###.#####.## #
#..........##...##
#^###..#.#.#.#.#.....#
#........#.#.#........
#####@.#.....#).##.###
#.{###......##.#
#......####.###.#
#............# #+#
#.#..##..######
#.##.>###.# ## #..# .#
.... # ....


There were no monsters in sight!


Message History

It was a potion of heal wounds.
You feel much better.
You feel very sick.
Attack whom?
Aim: Sigmund, wielding a scythe of venom and wearing a robe (lightly wounded)
You reach to attack!
You barely miss Sigmund.
You feel sick. Sigmund misses you.
Attack whom?
Aim: Sigmund, wielding a scythe of venom and wearing a robe (lightly wounded)
You reach to attack!
You hit Sigmund but do no damage.
You feel sick.
Sigmund mumbles some strange words.
Sigmund flickers and vanishes!
Deactivating autopickup; reactivate with Ctrl-A.
Attack whom?
That would be overly suicidal.
Okay, then.
Attack whom?
Okay, then.
Drink which item? (? for menu, Esc to quit)
It was a potion of invisibility.
You fade into invisibility!
You feel sick. Something hits you!
You are lethally poisoned!
You are very lightly contaminated with residual magic.
Unknown command.
* * * LOW HITPOINT WARNING * * *
You feel very sick.
You hit something but do no damage.
* * * LOW HITPOINT WARNING * * *
You feel very sick. Something hits you.
* * * LOW HITPOINT WARNING * * *
You are more poisoned.
Drink which item? (? for menu, Esc to quit)
You feel much better.
You feel very sick. Something hits you!
You are more poisoned.
Drink which item? (? for menu, Esc to quit)
It was a potion of brilliance.
You feel clever all of a sudden.
* * * LOW HITPOINT WARNING * * *
You feel very sick.
Drink which item? (? for menu, Esc to quit)
It was a potion of cure mutation.
It has a very clean taste.
* * * LOW HITPOINT WARNING * * *
You feel very sick. Something hits you.
* * * LOW HITPOINT WARNING * * *
You are more poisoned.
Drink which item? (? for menu, Esc to quit)
It was a potion of mutation.
You feel extremely strange.
You feel your magical essence link to your wands.
You begin to radiate repulsive energy.
Thin metallic scales grow over part of your body.
* * * LOW HITPOINT WARNING * * *
You feel very sick.
You hear some strange, mumbled words.
A puff of flame appears from out of thin air!
The puff of flame hits you!
Drink which item? (? for menu, Esc to quit)
It was a potion of cancellation.
Your magical effects are unravelling.
Your magical contamination has completely faded away.
You feel magically purged.
You flicker back into view.
You feel a little less clever now.
* * * LOW HITPOINT WARNING * * *
You feel very sick. Something hits you!
You die...

Action                   |  1- 3 |  4- 6 || total
-------------------------+-------+-------++-------
Melee: Trident           |   170 |    33 ||   203
       Halberd           |       |   182 ||   182
  Use: Potion            |       |     7 ||     7
  Eat: Chunk             |     1 |     9 ||    10
       Pizza             |       |     1 ||     1

Vault maps used:
D:1:      dpeg_arrival_fog
D:2:      yredelemnul_forgotten_temple_becter, first_bread,
          lemuel_blue_sif_altar
D:3:      minitemple, minmay_joined_circles
D:4:      grunt_temple_overflow_open, uniq_sigmund

Notes
Turn   | Place    | Note
--------------------------------------------------------------
     0 | D:1      | Sixotanaka the Merfolk Gladiator began the quest for the Orb.
     0 | D:1      | Reached XP level 1. HP: 16/16 MP: 1/1
    47 | D:1      | Reached skill level 5 in Polearms
    49 | D:1      | Reached XP level 2. HP: 17/22 MP: 2/2
   693 | D:1      | Reached XP level 3. HP: 27/27 MP: 3/3
   695 | D:1      | Reached skill level 6 in Polearms
  1238 | D:2      | Reached skill level 7 in Polearms
  1238 | D:2      | Reached XP level 4. HP: 24/33 MP: 4/4
  1495 | D:2      | Found a basalt altar of Yredelemnul.
  1564 | D:2      | HP: 7/33 [gnoll/flail (9)]
  1817 | D:2      | Reached skill level 8 in Polearms
  1849 | D:2      | Reached XP level 5. HP: 38/38 MP: 5/5
  1900 | D:2      | Found a deep blue altar of Sif Muna.
  2516 | D:3      | Reached skill level 9 in Polearms
  2667 | D:3      | Noticed Xenophilius's ghost (amateur GrFi)
  3508 | D:3      | Found a stormy altar of Qazlal.
  3514 | D:3      | Found a shattered altar of Ashenzari.
  3757 | D:3      | HP: 9/38 [Xenophilius's ghost (9)]
  3758 | D:3      | HP: 1/38 [Xenophilius's ghost (8)]
  4296 | D:2      | Reached XP level 6. HP: 44/44 MP: 6/6
  4449 | D:4      | Noticed Sigmund
  4473 | D:4      | Gained mutation: You expend magic power (3 MP) to strengthen your wands. [potion of mutation]
  4473 | D:4      | Gained mutation: You are surrounded by a mild repulsion field (EV +2). [potion of mutation]
  4473 | D:4      | Gained mutation: You are partially covered in thin metallic scales (AC +2). [potion of mutation]
  4473 | D:4      | HP: 9/44 [poisoned by Sigmund]
  4474 | D:4      | Mangled by Sigmund

Vanquished Creatures
  8 gnolls
  3 adders
  An adder skeleton (D:3)
  A worm (D:2)
  4 dart slugs
  4 giant geckos
  2 orcs (D:3)
  3 giant cockroaches
  7 goblins
  9 hobgoblins
  17 jackals
  A quokka (D:3)
  2 ball pythons (D:3)
  14 bats
  7 giant newts
  A jackal skeleton (D:4)
  8 kobolds
  14 rats
  A spectral orc (D:2)
107 creatures vanquished.
